 Dungeon Crawl Stone Soup version 0.29-a0-380-gf50f0a9fbc (webtiles) character file.

Game seed: 16205948981213279855

633 Antichthon the Skirmisher (level 7, -2/55 HPs)
             Began as a Formicid Abyssal Knight on May 5, 2022.
             Was a Priest of Lugonu.
             Slain by an ice beast (14 damage)
             ... on level 5 of the Dungeon.
             The game lasted 00:06:06 (5669 turns).

Antichthon the Skirmisher (Formicid Abyssal Knight) Turns: 5669, Time: 00:06:06

Health: -2/55      AC:  6    Str: 18    XL:     7   Next: 78%
Magic:  9/9        EV: 11    Int:  9    God:    Lugonu [***...]
Gold:   217        SH:  0    Dex: 19    Spells: 6/6 levels left

rFire   . . .      SeeInvis +   a - +1 mace
rCold   . . .      Faith    .   (no shield)
rNeg    . . .      Spirit   .   d - +0 ring mail
rPois   .          Reflect  .   (helmet unavailable)
rElec   .          Harm     .   (no cloak)
rCorr   .          Rampage  .   (no gloves)
Will    .....                   (no boots)
Stlth   ++........              (no amulet)
HPRegen 0.18/turn               g - +6 ring of dexterity
MPRegen 0.11/turn               (no ring)

@: no status effects
A: permanent stasis, dig shafts and tunnels, antennae 3, four strong arms
a: Dig, Shaft Self, Renounce Religion, Depart the Abyss, Bend Space, Banish


You were on level 5 of the Dungeon.
You worshipped Lugonu.
Lugonu was most pleased with you.
You visited 1 branch of the dungeon, and saw 5 of its levels.
You visited the Abyss 1 time.

You collected 217 gold pieces.

Inventory:

Hand Weapons
 a - a +1 mace (weapon)
Armour
 d - a +0 ring mail (worn)
Jewellery
 g - a +6 ring of dexterity (left hand)
 o - a ring of resist corrosion
Wands
 m - a wand of acid (14)
Scrolls
 j - 2 scrolls of immolation
 k - a scroll of fear
Potions
 b - a potion of lignification
 c - 3 potions of might
 e - 3 potions of haste
 f - a potion of curing
 h - 2 potions of brilliance
 i - 2 potions of flight
 l - a potion of cancellation
 n - a potion of magic {unknown}


   Skills:
 * Level 4.9 Fighting
 - Level 2.0 Maces & Flails
 * Level 3.7 Crossbows
 * Level 4.6 Armour
 * Level 2.0 Dodging
 * Level 2.3 Stealth
 * Level 2.1 Shields
 * Level 3.1 Invocations
 * Level 1.6 Evocations


You had 6 spell levels left.
You didn't know any spells.
Your spell library contained the following spells:

 Spells                   Type           Power      Damage    Failure   Level
 Animate Skeleton         Necr           0%         N/A       56%         1
 Pain                     Necr           0%         1d4       56%         1
 Ozocubu's Armour         Ice            0%         N/A       90%         3
 Vampiric Draining        Necr           0%         2d6       90%         3
 Metabolic Englaciation   Hex/Ice        0%         N/A       100%        5
 Summon Forest            Summ/Tloc      0%         N/A       100%        5
 Eringya's Noxious Bog    Tmut/Pois      0%         N/A       100%        6
 Simulacrum               Ice/Necr       0%         N/A       100%        6
 Summon Hydra             Summ           0%         N/A       100%        7


Dungeon Overview and Level Annotations

Branches:
Dungeon (5/15)             Temple (0/1) D:4

Altars:
Elyvilon
Gozag
Sif Muna
Xom


Innate Abilities, Weirdness & Mutations

You cannot be hasted, slowed, berserked, paralysed or teleported.
You can dig through walls and to a lower floor.
You have a pair of large antennae on your head. (SInv)
Your four strong arms can wield two-handed weapons with a shield.


Message History

The ice beast hits you but does no damage.
You closely miss the ice beast. The ice beast hits you.
The ice beast freezes you.
You closely miss the ice beast. The ice beast closely misses you. x2
You closely miss the ice beast. The ice beast completely misses you.
You hit the ice beast but do no damage. The ice beast closely misses you.
You sock the ice beast!
The ice beast is moderately wounded.
The ice beast closely misses you.
The ice beast hits you but does no damage.
You barely miss the ice beast.
The ice beast is moderately wounded.
The ice beast closely misses you.
You barely miss the ice beast.
The ice beast is moderately wounded.
The ice beast closely misses you.
You closely miss the ice beast.
The ice beast is moderately wounded.
The ice beast hits you but does no damage.
The ice beast hits you. The ice beast freezes you!
You hit the ice beast but do no damage.
The ice beast is moderately wounded.
The ice beast barely misses you.
You barely miss the ice beast.
The ice beast is moderately wounded.
The ice beast hits you. The ice beast freezes you!
* * * LOW HITPOINT WARNING * * *
Unknown command.
You feel better. The ice beast hits you. The ice beast freezes you!
* * * LOW HITPOINT WARNING * * *
You hit the ice beast.
The ice beast is moderately wounded.
The ice beast hits you but does no damage.
You feel better. The ice beast barely misses you.
You barely miss the ice beast.
The ice beast is moderately wounded.
The ice beast hits you.
* * * LOW HITPOINT WARNING * * *
The ice beast freezes you!
You die...

## .# #.# ... #(##.#.
.#.# .... #.#...# ..#.
.....########.#...#.>.#.
..............#...#...#.
......Y@.......#.#.#.#.#
####...........#.#.#.#.#
##...###....#.#.#.#.#
#≈≈...≈ #.....#...#..)
#≈..♣.. #...#.#...#...
.............#.#...#...
#...♣._.♣...{.#..#.#.#.#
##............#..#.#.#.#
♣..≈#...#..#.#.#.#


You could see an ice beast.

Vanquished Creatures
  Sigmund (D:5)
  2 phantoms (D:4)
  2 scorpions
  2 hounds (D:5)
  An orc wizard (D:3)
  2 adders
  A white imp (D:5)
  3 worms
  2 dart slugs
  4 orcs
  5 endoplasms
  5 giant cockroaches
  11 goblins
  5 hobgoblins
  3 jackals (D:1)
  8 kobolds
  4 quokkas
  5 ball pythons
  7 bats
  3 frilled lizards
  6 rats
82 creatures vanquished.

Vanquished Creatures (others)
  5 plants
5 creatures vanquished.

Grand Total: 87 creatures vanquished

Notes
Turn   | Place    | Note
-------+----------+-------------------------------------------
     0 | Abyss:1  | Antichthon the Formicid Abyssal Knight began the quest for
                  | the Orb.
     0 | Abyss:1  | Reached XP level 1. HP: 18/18 MP: 2/2
     7 | D:1      | Escaped the Abyss
   246 | D:1      | Reached skill level 1 in Crossbows
   260 | D:1      | Reached XP level 2. HP: 24/24 MP: 3/3
   493 | D:1      | You fall into a shaft and drop 1 floor!
   552 | D:1      | Reached XP level 3. HP: 27/29 MP: 4/4
  1029 | D:2      | Reached *** piety under Lugonu
  1050 | D:2      | Found a faded altar of an unknown god.
  2100 | D:3      | Reached XP level 4. HP: 25/32 MP: 5/5
  2909 | D:3      | Reached skill level 1 in Dodging
  2909 | D:3      | Reached XP level 5. HP: 35/42 MP: 6/6
  3281 | D:4      | Noticed a phantom
  3307 | D:4      | Killed a phantom
  3308 | D:4      | Reached skill level 1 in Stealth
  3308 | D:4      | Reached skill level 1 in Shields
  3592 | D:4      | Found a staircase to the Ecumenical Temple.
  3643 | D:4      | Reached XP level 6. HP: 30/49 MP: 6/8
  3960 | D:4      | Reached skill level 1 in Evocations
  3999 | D:4      | Found a shimmering altar of Xom.
  4002 | D:4      | Found a shimmering blue altar of Sif Muna.
  4085 | D:4      | Found an opulent altar of Gozag.
  4676 | D:5      | Entered Level 5 of the Dungeon
  4770 | D:5      | Reached XP level 7. HP: 26/55 MP: 9/9
  5454 | D:5      | Noticed Sigmund
  5473 | D:5      | Killed Sigmund
  5643 | D:5      | Found a white marble altar of Elyvilon.
  5669 | D:5      | Slain by an ice beast

Illustrated notes

Levels and vault maps discovered:
D:1:      wander_arrival_desolate, layout_loops_ring, minmay_pentomino_r4
D:2:      layout_rooms, serial_forest, infiniplex_forest_lined_3_way,
          infiniplex_forest_corner_2, infiniplex_forest_corner_1,
          infiniplex_forest_straight_2, infiniplex_forest_clump_diagonal,
          hellmonk_ecumenical_altar_inner_sanctum
D:3:      layout_loops_ring, serial_bayou, serial_bayou_crossing,
          serial_bayou_ford_a, serial_bayou_pond_e, serial_bayou_pond_d
D:4:      layout_gridville, grunt_gozag_breadcrumbs, minitemple,
          minmay_temple_entry_poolview, minmay_misc_feat_plants,
          kennysheep_generic_room_14
D:5:      nicolae_BIG_FREAKIN_CUBE, layout_basic, elyvilon_altar_4, uniq_sigmund

Skill      XL: |  1  2  3  4  5  6  7 |
---------------+----------------------+-----
Crossbows      | 1 2 3 |  3.7
Dodging        | 1 2 |  2.0
Fighting       | 4 |  4.9
Stealth        | 1 2 |  2.3
Shields        | 1 2 |  2.1
Armour         | 3 4 |  4.6
Evocations     | 1 |  1.6
Invocations    | 3 |  3.1
Maces & Flails | |  2.0

Action                   |  1- 3 |  4- 6 |  7- 9 || total
-------------------------+-------+-------+-------++-------
Melee: Mace              |   102 |   143 |    51 ||   296
       Punch             |     1 |     3 |       ||     4
  Use: Scroll            |     8 |     5 |       ||    13
       Potion            |       |       |     2 ||     2
 Stab: Sleeping          |       |     1 |       ||     1
Armor: Ring mail         |    44 |    38 |    14 ||    96
       Leather armour    |     2 |       |       ||     2
Dodge: Dodged            |    70 |    78 |    29 ||   177

Table legend: (Time is in decaauts)
 A = Elapsed time spent in this place.
 B = Non-inter-level travel time spent in this place.
 C = Inter-level travel time spent in this place.
 D = Time resting spent in this place.
 E = Time spent auto-exploring this place.
 F = Levels seen in this place.
 G = Mean time per level.
                   A        B        C        D        E       F      G
               +--------+--------+--------+--------+--------+-----+--------+
         Total |   5774 |   5664 |    110 |      0 |   4659 |   6 |  962.3 |
       Dungeon |   5767 |   5657 |    110 |      0 |   4659 |   5 | 1153.4 |
         Abyss |      7 |      7 |      0 |      0 |      0 |   1 |    7.0 |
               +--------+--------+--------+--------+--------+-----+--------+

Top non-repeatable levels by time:
     D:4: 1438 daAuts
     D:3: 1214 daAuts
     D:2: 1158 daAuts
     D:5: 1011 daAuts
     D:1: 944 daAuts
 Abyss:1: 7 daAuts
